AoeStats
← hattivatti266

Arena

510733752Analyzed
4v4 RM · 13h ago on Oct 2, 2026· 42m 12s· 8 players
Game mode
Random Map
Map size
Large (8 player)
Population
200
Speed
Normal
Resources
Standard
Victory
Conquest
Starting age
Dark Age
Ending age
Imperial Age
RankedLock teamsTeams togetherTeam positionsShared explorationLock speedFull tech treeHidden civsTurbo modeCheats
Victory
Defeat
🇧🇷 Aztecs · Brazil
902
+13
🇧🇪 Vikings · Belgium
838
+16
🇫🇮 Franks · Finland
838
+16
🇬🇭 Celts · Ghana
703
+21
🇨🇳 Poles · China
914
-35
🇸🇬 Huns · Singapore
823
-16
🇸🇰 Britons · Slovakia
814
-16
🇪🇸 Italians · Spain
781
-14
Casy2210
7:44 Loom
10:25 Feudal Age
13:55 Town Watch
17:03 Castle Age
14:51 Horse Collar
14:59 Double-Bit Axe
18:21 Bow Saw
18:54 Heavy Plow
23:57 Fletching
26:53 Ballistics
26:42 Bodkin Arrow
27:35 Padded Archer Armor
33:42 Imperial Age
34:26 Bracer
34:42 Leather Archer Armor
35:14 Fortified Wall
36:45 Chemistry
Richard
0:28 Loom
10:59 Feudal Age
12:21 Horse Collar
12:31 Double-Bit Axe
19:56 Castle Age
19:05 Stone Mining
19:06 Gold Mining
19:52 Fletching
20:02 Padded Archer Armor
20:20 Forging
23:27 Wheelbarrow
22:37 Town Watch
23:48 Gold Shaft Mining
23:48 Bow Saw
27:30 Caravan
27:49 Man-at-Arms
28:14 Gambesons
28:30 Squires
29:35 Heavy Plow
29:21 Long Swordsman
32:39 Pikeman
33:05 Arson
33:58 Yeomen
37:24 Imperial Age
35:12 Hand Cart
35:33 Town Patrol
35:33 Bodkin Arrow
36:02 Ballistics
36:31 Murder Holes
36:47 Fortified Wall
36:48 Masonry
37:48 Halberdier
37:48 Two-Handed Swordsman
39:14 Bracer
39:29 Leather Archer Armor
39:50 Iron Casting
39:47 Architecture
39:23 Siege Engineers
40:19 Chemistry
39:05 Arrowslits
39:01 Treadmill Crane
41:07 Elite Longbowman
42:22 Hoardings
41:18 Sappers
Soldaris
1:11 Loom
8:59 Feudal Age
9:25 Double-Bit Axe
10:39 Wheelbarrow
10:30 Gold Mining
10:23 Horse Collar
12:57 Stone Mining
18:57 Castle Age
19:05 Fletching
19:49 Bow Saw
19:42 Heavy Plow
19:59 Hand Cart
21:39 Gold Shaft Mining
23:19 Caravan
32:05 Bodkin Arrow
32:21 Forging
32:17 Scale Barding Armor
32:34 Ballistics
33:19 Marauders
36:35 Imperial Age
33:51 Town Watch
34:26 Padded Archer Armor
35:02 Iron Casting
34:26 Murder Holes
34:59 Thumb Ring
35:16 Bloodlines
35:07 Husbandry
35:14 Scale Mail Armor
35:41 Light Cavalry
37:08 Leather Archer Armor
37:14 Chain Barding Armor
37:41 Conscription
36:50 Hussar
38:56 Chemistry
38:45 Parthian Tactics
龙宫礼奈
10:25 Loom
12:11 Feudal Age
14:13 Wheelbarrow
17:27 Castle Age
15:19 Double-Bit Axe
15:47 Stone Mining
16:34 Horse Collar
17:45 Gold Mining
20:04 Stone Shaft Mining
21:51 Bow Saw
23:48 Heavy Plow
24:57 Scale Barding Armor
26:42 Hand Cart
26:13 Town Watch
26:56 Husbandry
28:18 Bloodlines
28:35 Town Patrol
29:16 Light Cavalry
30:35 Szlachta Privileges
30:58 Forging
32:27 Chain Barding Armor
32:43 Iron Casting
34:27 Scale Mail Armor
37:59 Imperial Age
36:12 Chain Mail Armor
36:28 Caravan
38:53 Coinage
40:00 Treadmill Crane
39:50 Winged Hussar
39:52 Cavalier
40:00 Elite Obuch
41:03 Lechitic Legacy
40:29 Sappers
41:19 Conscription
41:40 Masonry
41:55 Fortified Wall
41:40 Murder Holes
MafiaTurkish58
11:05 Feudal Age
16:38 Castle Age
16:01 Double-Bit Axe
16:04 Horse Collar
18:10 Bow Saw
23:02 Heavy Plow
23:00 Gold Mining
29:49 Imperial Age
27:57 Scale Mail Armor
28:07 Forging
27:46 Arson
28:01 Squires
28:52 Chain Mail Armor
28:52 Stone Mining
29:38 Gold Shaft Mining
28:39 Elite Skirmisher
30:29 Iron Casting
30:17 Elite Varangian Guard
31:41 Plate Mail Armor
32:16 Chemistry
32:10 Chieftains
33:43 Crop Rotation
35:25 Blast Furnace
37:49 Padded Archer Armor
37:39 Fletching
hattivatti266
10:41 Feudal Age
12:06 Double-Bit Axe
15:13 Castle Age
16:07 Bow Saw
18:30 Loom
20:24 Wheelbarrow
26:17 Gold Mining
27:16 Hand Cart
30:56 Imperial Age
30:21 Forging
31:18 Husbandry
31:55 Iron Casting
31:26 Scale Barding Armor
32:14 Gold Shaft Mining
31:08 Cavalier
32:30 Paladin
34:45 Chivalry
34:38 Town Watch
37:42 Blast Furnace
37:03 Chain Barding Armor
37:44 Scale Mail Armor
40:35 Chemistry
Fuller THE MONSTER
13:16 Feudal Age
17:28 Castle Age
15:31 Double-Bit Axe
15:34 Horse Collar
16:46 Loom
17:15 Forging
17:06 Scale Mail Armor
17:00 Arson
17:30 Gold Mining
19:20 Wheelbarrow
19:20 Eagle Warrior
21:43 Bow Saw
21:35 Heavy Plow
21:39 Squires
21:24 Gambesons
23:58 Stone Mining
28:01 Iron Casting
28:48 Chain Mail Armor
30:33 Gold Shaft Mining
30:49 Atlatl
37:21 Hand Cart
41:41 Imperial Age
39:53 Stone Shaft Mining
41:59 Elite Jaguar Warrior
43:03 Garland Wars
43:04 Conscription
kamal2k00
15:30 Feudal Age
18:10 Wheelbarrow
17:24 Double-Bit Axe
17:23 Horse Collar
18:53 Stone Mining
19:12 Loom
19:25 Gold Mining
24:34 Castle Age
25:46 Hand Cart
29:23 Gold Shaft Mining
32:36 Caravan
33:53 Stronghold
34:18 Forging
34:09 Scale Mail Armor
37:59 Imperial Age
36:30 Iron Casting
36:10 Chain Mail Armor
36:56 Heavy Plow
39:06 Conscription
38:07 Elite Woad Raider
40:18 Blast Furnace
40:03 Bow Saw
Connection lost

Rejoining the realm…

Still unreachable

The connection could not be restored.

Session expired

The server has moved on; the page needs a fresh start.